AoeStats
← VIT Liereyy

Arabian Desert

510296862Analyzed
1v1 RM · 2d ago on Sep 30, 2026· 15m 17s· 2 players
Game mode
Random Map
Map size
Tiny (2 player)
Population
200
Speed
Normal
Resources
Standard
Victory
Conquest
Starting age
Dark Age
Ending age
Imperial Age
RankedLock teamsTeams togetherTeam positionsShared explorationLock speedFull tech treeHidden civsTurbo modeCheats
Victory
Defeat
🇦🇹 Koreans · Austria
2941
+3
🇨🇳 Tatars · China
2544
-3
CNZS_Still in Love
7:50 Loom
10:17 Feudal Age
10:29 Man-at-Arms
10:57 Double-Bit Axe
VIT Liereyy
6:46 Loom
9:08 Feudal Age
10:32 Double-Bit Axe
12:21 Fletching
14:04 Horse Collar
Connection lost

Rejoining the realm…

Still unreachable

The connection could not be restored.

Session expired

The server has moved on; the page needs a fresh start.